[Event "44th Chess Olympiad Open 2022"]
[Site "Chennai"]
[Date "2022.08.09"]
[Round "11.31"]
[White "Arenas, David"]
[Black "Castro Silva, Moises Antonio"]
[Result "1-0"]
[ECO "A35"]
[WhiteElo "2426"]
[BlackElo "2237"]
[Annotator "RC"]
[PlyCount "97"]
[EventDate "2022.07.29"]
[EventType "team-tourn"]
[EventCountry "IND"]
[SourceTitle "playchess.com"]
[Source "ChessBase"]
[SourceQuality "1"]
[WhiteTeam "Colombia"]
[BlackTeam "Venezuela"]
[WhiteTeamCountry "COL"]
[BlackTeamCountry "VEN"]
[TimeControl "40/5400+30:1800+30"]

1. c4 c5 2. Nc3 Nc6 3. Nf3 g6 4. e3 Nf6 5. d4 cxd4 6. exd4 d5 7. cxd5 Nxd5 8. Qb3 Nxc3 9. Bc4 e6 10. bxc3 Bg7 11. Ba3 Ne7 12. Qb5+ Qd7 13. Ne5 Qxb5 14. Bxb5+ Kf8 15. Rb1 Bf6 16. Ng4 Bg7 17. Be2 f6 18. Ne3 b6 19. Bf3 Rb8 20. Bd6 Rb7 21. Bxb7 Bxb7 22. a4 Kf7 23. a5 Be4 24. Rb2 bxa5 25. Bxe7 Kxe7 26. Ra2 Rb8 27. O-O Bh6 28. Ng4 Bf4 29. Rxa5 Rb7 30. Rfa1 Bb8 31. Ne3 Rb3 32. c4 f5 33. Re1 Kf6 34. Ra6 Kf7 35. Nf1 Rb6 36. Rxb6 axb6 37. Nd2 Bc6 38. Ra1 Ke7 39. Ra6 Kd7 40. Rxb6 Ba7 41. Rb3 f4 42. Ra3 Bb8 43. Nb3 Ke7 44. Ra6 Be8 45. Nc5 Bf7 46. Ra8 Bd6 47. Ne4 Bc7 48. Ra7 Kd8 49. Ng5 1-0

[Event "44th Chess Olympiad Open 2022"]
[Site "Chennai"]
[Date "2022.08.09"]
[Round "11.31"]
[White "Rohl Montes, Juan Armando"]
[Black "Cardoso Cardoso, Jose Gabriel"]
[Result "1/2-1/2"]
[ECO "B22"]
[WhiteElo "2382"]
[BlackElo "2493"]
[Annotator "RC"]
[PlyCount "126"]
[EventDate "2022.07.29"]
[EventType "team-tourn"]
[EventCountry "IND"]
[SourceTitle "playchess.com"]
[Source "ChessBase"]
[SourceQuality "1"]
[WhiteTeam "Venezuela"]
[BlackTeam "Colombia"]
[WhiteTeamCountry "VEN"]
[BlackTeamCountry "COL"]
[TimeControl "40/5400+30:1800+30"]

1. e4 c5 2. c3 Nf6 3. e5 Nd5 4. Nf3 e6 5. d4 cxd4 6. cxd4 d6 7. Bc4 Nb6 8. Bb3 dxe5 9. Nxe5 Nc6 10. Nf3 Bb4+ 11. Nc3 Nd5 12. Qd3 Na5 13. Bxd5 Qxd5 14. Bd2 Qc4 15. Ne5 Qxd3 16. Nxd3 Nc6 17. Nxb4 Nxb4 18. Nb5 Nd5 19. Rc1 Kd7 20. a3 b6 21. Nc3 Ne7 22. f3 Bb7 23. Kf2 Bd5 24. Ne2 Nc6 25. Rc2 Rac8 26. Rhc1 a5 27. Be3 Ne7 28. Nf4 Rxc2+ 29. Rxc2 Nf5 30. Nh5 Bc6 31. g4 Nh4 32. Nxg7 Bxf3 33. Nh5 Bc6 34. Nf6+ Kc7 35. d5 exd5 36. Nxd5+ Kb7 37. Nxb6 Be4 38. Rc4 Re8 39. Na4 Bc6 40. Nc5+ Ka8 41. Na6 Kb7 42. Nc5+ Ka8 43. Nb3 Be4 44. Nxa5 f5 45. gxf5 Nxf5 46. Rc7 Rg8 47. Bb6 Nd6 48. Ra7+ Kb8 49. Re7 Rg2+ 50. Ke1 Rc2 51. b4 Bf3 52. Rxh7 Kc8 53. Rc7+ Rxc7 54. Bxc7 Kxc7 55. Nb3 Kb6 56. Nd4 Be4 57. a4 Nc4 58. h4 Ka6 59. a5 Ne3 60. Kd2 Nd5 61. Ne6 Bf3 62. Nc5+ Kb5 63. Nd3 Bh5 1/2-1/2

[Event "44th Chess Olympiad Open 2022"]
[Site "Chennai"]
[Date "2022.08.09"]
[Round "11.31"]
[White "Castro Torres, Jose Luis"]
[Black "Valderrama Quiceno, Esteban Alb"]
[Result "1-0"]
[ECO "B07"]
[WhiteElo "2326"]
[BlackElo "2436"]
[Annotator "RC"]
[PlyCount "64"]
[EventDate "2022.07.29"]
[EventType "team-tourn"]
[EventCountry "IND"]
[SourceTitle "playchess.com"]
[Source "ChessBase"]
[SourceQuality "1"]
[WhiteTeam "Venezuela"]
[BlackTeam "Colombia"]
[WhiteTeamCountry "VEN"]
[BlackTeamCountry "COL"]
[TimeControl "40/5400+30:1800+30"]

1. e4 d6 2. d4 Nf6 3. Nc3 g6 4. f3 c6 5. Be3 Qb6 6. Qc1 Bg7 7. Bd3 Qc7 8. Nge2 b5 9. Bh6 O-O 10. h4 Re8 11. Bxg7 Kxg7 12. h5 e5 13. dxe5 dxe5 14. Ng3 Qe7 15. Qe3 Be6 16. O-O-O Nbd7 17. hxg6 fxg6 18. Nf5+ gxf5 19. exf5 Bg8 20. g4 b4 21. Ne4 Kh8 22. Qh6 Qf8 23. Qh4 Nd5 24. g5 Rad8 25. f6 Nf4 26. Nd6 Nxd3+ 27. Rxd3 e4 28. Nxe8 Qxe8 29. fxe4 Ne5 30. Rxd8 Qxd8 31. Qh6 Qd7 32. g6 Qd5 1-0

[Event "44th Chess Olympiad Open 2022"]
[Site "Chennai"]
[Date "2022.08.09"]
[Round "11.32"]
[White "Ferreira, Jorge Viterbo"]
[Black "Guzman, Christopher"]
[Result "1/2-1/2"]
[ECO "A14"]
[WhiteElo "2499"]
[BlackElo "2243"]
[Annotator "RC"]
[PlyCount "77"]
[EventDate "2022.07.29"]
[EventType "team-tourn"]
[EventCountry "IND"]
[SourceTitle "playchess.com"]
[Source "ChessBase"]
[SourceQuality "1"]
[WhiteTeam "Portugal"]
[BlackTeam "Dominican Republic"]
[WhiteTeamCountry "POR"]
[BlackTeamCountry "DOM"]
[TimeControl "40/5400+30:1800+30"]

1. c4 Nf6 2. g3 e6 3. Bg2 d5 4. Nf3 Be7 5. O-O O-O 6. b3 a5 7. Nc3 b6 8. Bb2 Bb7 9. Rc1 c5 10. e3 Nbd7 11. d3 Rc8 12. Qe2 Qc7 13. Rfd1 Rfd8 14. cxd5 Nxd5 15. Nb5 Qb8 16. d4 cxd4 17. Rxc8 Qxc8 18. Nfxd4 Nc5 19. h4 h6 20. Ba1 Nf6 21. Na7 Qc7 22. Nac6 Bxc6 23. Nxc6 Rxd1+ 24. Qxd1 Bd6 25. a3 Nce4 26. Qc2 Nc5 27. Bb2 Nd5 28. Nd4 Bxg3 29. Bxd5 exd5 30. fxg3 Qxg3+ 31. Kf1 Qxe3 32. Qe2 Qh3+ 33. Qg2 Qd3+ 34. Kg1 Qe3+ 35. Kh2 Qf4+ 36. Qg3 Qd2+ 37. Qg2 Qf4+ 38. Qg3 Qd2+ 39. Qg2 1/2-1/2

[Event "44th Chess Olympiad Open 2022"]
[Site "Chennai"]
[Date "2022.08.09"]
[Round "11.32"]
[White "Veiga, Jose Francisco R P N"]
[Black "Camacho Campusano, David Daniel"]
[Result "1-0"]
[ECO "C70"]
[WhiteElo "2378"]
[BlackElo "2221"]
[Annotator "RC"]
[PlyCount "59"]
[EventDate "2022.07.29"]
[EventType "team-tourn"]
[EventCountry "IND"]
[SourceTitle "playchess.com"]
[Source "ChessBase"]
[SourceQuality "1"]
[WhiteTeam "Portugal"]
[BlackTeam "Dominican Republic"]
[WhiteTeamCountry "POR"]
[BlackTeamCountry "DOM"]
[TimeControl "40/5400+30:1800+30"]

1. e4 e5 2. Nf3 Nc6 3. Bb5 a6 4. Ba4 f5 5. d4 fxe4 6. Nxe5 Nf6 7. O-O Bd6 8. f4 exf3 9. Nxf3 O-O 10. c4 Be7 11. d5 Bc5+ 12. Kh1 Ne7 13. Nc3 d6 14. Bd2 Bg4 15. Qe1 Bxf3 16. Rxf3 Ng6 17. Qe6+ Kh8 18. Raf1 Bd4 19. Bc2 Qe8 20. Qh3 Kg8 21. Bf5 b5 22. Re1 Be5 23. Ne4 Nxe4 24. Rxe4 bxc4 25. Be6+ Kh8 26. Qxh7+ Kxh7 27. Rh3+ Nh4 28. Rexh4+ Kg6 29. Rg4+ Kf6 30. Bg5+ 1-0

[Event "44th Chess Olympiad Open 2022"]
[Site "Chennai"]
[Date "2022.08.09"]
[Round "11.32"]
[White "Mazara Ruiz, Adan Manuel"]
[Black "Santos, Jose Guilherme B Lim"]
[Result "1/2-1/2"]
[ECO "B51"]
[WhiteElo "2286"]
[BlackElo "2361"]
[Annotator "RC"]
[PlyCount "113"]
[EventDate "2022.07.29"]
[EventType "team-tourn"]
[EventCountry "IND"]
[SourceTitle "playchess.com"]
[Source "ChessBase"]
[SourceQuality "1"]
[WhiteTeam "Dominican Republic"]
[BlackTeam "Portugal"]
[WhiteTeamCountry "DOM"]
[BlackTeamCountry "POR"]
[TimeControl "40/5400+30:1800+30"]

1. e4 c5 2. Nf3 d6 3. Bb5+ Nd7 4. c3 Ngf6 5. Qe2 a6 6. Ba4 b5 7. Bc2 Bb7 8. d4 e6 9. O-O Be7 10. Re1 Qc7 11. a4 O-O 12. axb5 axb5 13. Rxa8 Rxa8 14. e5 dxe5 15. dxe5 Nd5 16. Na3 Ba6 17. c4 bxc4 18. Nxc4 Nf8 19. Qe4 Rd8 20. Bg5 Bxc4 21. Bxe7 Qxe7 22. Qxc4 Rb8 23. Be4 Rb4 24. Qc2 Nb6 25. h4 c4 26. Ra1 Qc5 27. Ra7 g6 28. h5 Nbd7 29. Ra4 Rxa4 30. Qxa4 gxh5 31. Qa3 Ng6 32. Qxc5 Nxc5 33. Bxg6 hxg6 34. Nd2 Nd3 35. Nxc4 g5 36. Kf1 h4 37. Ke2 g4 38. f3 g3 39. Ne3 Nxe5 40. f4 Nc6 41. Nc2 Kf8 42. b4 Ke8 43. b5 Ne7 44. Nd4 Kd7 45. Nf3 Ng6 46. Ke3 f6 47. Ke4 f5+ 48. Ke3 Kc7 49. Nd4 Kb6 50. Nxe6 Ne7 51. Nd4 Kc5 52. Nf3 Nd5+ 53. Kd2 h3 54. gxh3 Nxf4 55. h4 Kxb5 56. Ke3 Nh5 57. Nd4+ 1/2-1/2

[Event "44th Chess Olympiad Open 2022"]
[Site "Chennai"]
[Date "2022.08.09"]
[Round "11.32"]
[White "Arvelo Leo, Gian Carlo"]
[Black "Sousa, Andre Ventura"]
[Result "0-1"]
[ECO "D00"]
[WhiteElo "2176"]
[BlackElo "2420"]
[Annotator "RC"]
[PlyCount "76"]
[EventDate "2022.07.29"]
[EventType "team-tourn"]
[EventCountry "IND"]
[SourceTitle "playchess.com"]
[Source "ChessBase"]
[SourceQuality "1"]
[WhiteTeam "Dominican Republic"]
[BlackTeam "Portugal"]
[WhiteTeamCountry "DOM"]
[BlackTeamCountry "POR"]
[TimeControl "40/5400+30:1800+30"]

1. d4 Nf6 2. Bg5 d5 3. Bxf6 gxf6 4. c4 e5 5. e3 exd4 6. Qxd4 Nc6 7. Qxd5 Be6 8. Qxd8+ Rxd8 9. Nc3 Ne5 10. Nf3 Nxc4 11. Bxc4 Bxc4 12. Rd1 Rg8 13. Rxd8+ Kxd8 14. g3 Ke7 15. Kd2 c5 16. Kc2 Bg7 17. Nh4 Ke6 18. b3 Ba6 19. Rd1 f5 20. Nd5 Be5 21. Ng2 Rd8 22. Ndf4+ Ke7 23. Rxd8 Kxd8 24. Nh4 b5 25. Nxf5 Bc8 26. Nh4 Bf6 27. Nd3 c4 28. bxc4 bxc4 29. Nc5 Kc7 30. Ne4 Bxh4 31. gxh4 Bf5 32. f3 Bxe4+ 33. fxe4 Kd6 34. Kc3 Ke5 35. Kxc4 Kxe4 36. Kb5 f5 37. Ka6 Kxe3 38. Kxa7 f4 0-1

[Event "44th Chess Olympiad Open 2022"]
[Site "Chennai"]
[Date "2022.08.09"]
[Round "11.33"]
[White "Ashiku, Franc"]
[Black "Steil-Antoni, Fiona"]
[Result "1-0"]
[ECO "D21"]
[WhiteElo "2422"]
[BlackElo "2218"]
[Annotator "RC"]
[PlyCount "35"]
[EventDate "2022.07.29"]
[EventType "team-tourn"]
[EventCountry "IND"]
[SourceTitle "playchess.com"]
[Source "ChessBase"]
[SourceQuality "1"]
[WhiteTeam "Albania"]
[BlackTeam "Luxembourg"]
[WhiteTeamCountry "ALB"]
[BlackTeamCountry "LUX"]
[TimeControl "40/5400+30:1800+30"]

1. d4 d5 2. c4 dxc4 3. Nf3 c5 4. e3 cxd4 5. Bxc4 Qc7 6. Qb3 e6 7. O-O Nf6 8. Nxd4 a6 9. Nc3 Be7 10. Bd2 Nc6 11. Nxc6 Qxc6 12. Rac1 O-O 13. Be2 Ne4 14. Nxe4 Qxe4 15. Bf3 Qh4 16. Rc4 Qh6 17. Bb4 Qf6 18. Rf4 1-0

[Event "44th Chess Olympiad Open 2022"]
[Site "Chennai"]
[Date "2022.08.09"]
[Round "11.33"]
[White "Berend, Elvira"]
[Black "Pasko, Llambi"]
[Result "0-1"]
[ECO "C54"]
[WhiteElo "2333"]
[BlackElo "2418"]
[Annotator "RC"]
[PlyCount "82"]
[EventDate "2022.07.29"]
[EventType "team-tourn"]
[EventCountry "IND"]
[SourceTitle "playchess.com"]
[Source "ChessBase"]
[SourceQuality "1"]
[WhiteTeam "Luxembourg"]
[BlackTeam "Albania"]
[WhiteTeamCountry "LUX"]
[BlackTeamCountry "ALB"]
[TimeControl "40/5400+30:1800+30"]

1. e4 e5 2. Nf3 Nc6 3. Bc4 Bc5 4. O-O Nf6 5. d3 d6 6. c3 O-O 7. a4 a6 8. h3 h6 9. Qe2 Re8 10. Be3 Bxe3 11. fxe3 Be6 12. Bxe6 Rxe6 13. c4 Nb4 14. Nc3 c6 15. Rad1 d5 16. cxd5 cxd5 17. d4 exd4 18. Nxd4 Re8 19. exd5 Nbxd5 20. Nf5 Re5 21. Qf3 Kh7 22. Qg3 Rxf5 23. Rxf5 Nxc3 24. Rxd8 Ne2+ 25. Kf2 Nxg3 26. Rxa8 Nxf5 27. Kf3 Nd6 28. Kf4 Nc4 29. b3 Na5 30. Rb8 Nd7 31. Rd8 Nc5 32. Rd1 Naxb3 33. Rb1 Nd2 34. Rd1 Nc4 35. Ra1 b5 36. axb5 axb5 37. Kf3 b4 38. Ke2 b3 39. Ra8 b2 40. Rb8 Ne4 41. Kd3 Ned2 0-1

[Event "44th Chess Olympiad Open 2022"]
[Site "Chennai"]
[Date "2022.08.09"]
[Round "11.33"]
[White "Veleshnja, Zino"]
[Black "Schartz, Alain"]
[Result "1-0"]
[ECO "D02"]
[WhiteElo "2263"]
[BlackElo "2086"]
[Annotator "RC"]
[PlyCount "69"]
[EventDate "2022.07.29"]
[EventType "team-tourn"]
[EventCountry "IND"]
[SourceTitle "playchess.com"]
[Source "ChessBase"]
[SourceQuality "1"]
[WhiteTeam "Albania"]
[BlackTeam "Luxembourg"]
[WhiteTeamCountry "ALB"]
[BlackTeamCountry "LUX"]
[TimeControl "40/5400+30:1800+30"]

1. d4 d5 2. Bf4 Nf6 3. e3 e6 4. Nd2 c5 5. c3 Nc6 6. Ngf3 cxd4 7. exd4 Nh5 8. Be3 Bd6 9. Ne5 g6 10. Bb5 Bd7 11. Nxd7 Qxd7 12. g3 a6 13. Be2 Ng7 14. f4 b5 15. O-O h5 16. Nf3 O-O 17. Ne5 Nxe5 18. fxe5 Be7 19. Bh6 Rfb8 20. Qd2 b4 21. g4 hxg4 22. Bxg4 bxc3 23. bxc3 Nf5 24. Rf3 Nxh6 25. Qxh6 Bf8 26. Qh4 Qd8 27. Qg3 Rb6 28. Raf1 Ra7 29. h4 Bg7 30. Bh3 Qb8 31. h5 gxh5 32. Qg5 Rb1 33. Rg3 Rxf1+ 34. Bxf1 Qf8 35. Bd3 1-0

[Event "44th Chess Olympiad Open 2022"]
[Site "Chennai"]
[Date "2022.08.09"]
[Round "11.33"]
[White "Gengler, Pierre"]
[Black "Mehmeti, Dritan"]
[Result "0-1"]
[ECO "C00"]
[WhiteElo "2194"]
[BlackElo "2371"]
[Annotator "RC"]
[PlyCount "118"]
[EventDate "2022.07.29"]
[EventType "team-tourn"]
[EventCountry "IND"]
[SourceTitle "playchess.com"]
[Source "ChessBase"]
[SourceQuality "1"]
[WhiteTeam "Luxembourg"]
[BlackTeam "Albania"]
[WhiteTeamCountry "LUX"]
[BlackTeamCountry "ALB"]
[TimeControl "40/5400+30:1800+30"]

1. g3 Nf6 2. Bg2 e6 3. d3 d5 4. Nd2 Be7 5. e4 c5 6. Ne2 Nc6 7. O-O O-O 8. b3 b6 9. Bb2 Bb7 10. Nf4 d4 11. Nh5 Nd7 12. g4 g6 13. Ng3 e5 14. Bc1 Bg5 15. Nf3 Bf4 16. Bd2 Qe7 17. Qc1 Bxd2 18. Qxd2 Nd8 19. h4 Ne6 20. Ne2 Rae8 21. Ng5 Nxg5 22. hxg5 Bc8 23. f3 f6 24. gxf6 Nxf6 25. Rf2 Kg7 26. Raf1 Rf7 27. Ng3 Ref8 28. Qg5 h6 29. Qd2 Nh7 30. Ne2 Qh4 31. Qe1 Ng5 32. f4 exf4 33. Rxf4 Qxe1 34. Rxf7+ Rxf7 35. Rxe1 Bxg4 36. Ng3 h5 37. Rb1 h4 38. Nf1 Ne6 39. Nh2 Bh5 40. Re1 g5 41. Bh3 Nf4 42. Bg4 Kh6 43. e5 Bxg4 44. Nxg4+ Kh5 45. Nf6+ Kg6 46. Ne4 Re7 47. Nd6 Nd5 48. Re4 Nc3 49. Re1 Nxa2 50. Nc8 Re6 51. Nxa7 Nb4 52. Re2 Nd5 53. Nc8 Ne3 54. c4 g4 55. Rf2 g3 56. Rf6+ Rxf6 57. exf6 h3 58. Nxb6 h2+ 59. Kh1 Ng4 0-1

[Event "44th Chess Olympiad Open 2022"]
[Site "Chennai"]
[Date "2022.08.09"]
[Round "11.34"]
[White "Volodin, Aleksandr"]
[Black "Adebayo, Adegboyega"]
[Result "1-0"]
[ECO "E01"]
[WhiteElo "2454"]
[BlackElo "2313"]
[Annotator "RC"]
[PlyCount "113"]
[EventDate "2022.07.29"]
[EventType "team-tourn"]
[EventCountry "IND"]
[SourceTitle "playchess.com"]
[Source "ChessBase"]
[SourceQuality "1"]
[WhiteTeam "Estonia"]
[BlackTeam "Nigeria"]
[WhiteTeamCountry "EST"]
[BlackTeamCountry "NGR"]
[TimeControl "40/5400+30:1800+30"]

1. d4 d5 2. c4 c6 3. Nf3 e6 4. g3 Nf6 5. Qc2 Nbd7 6. Bg2 b6 7. O-O Bb7 8. Nbd2 c5 9. cxd5 Nxd5 10. a3 Rc8 11. e4 cxd4 12. Qa4 N5f6 13. Nxd4 Be7 14. b4 a6 15. Bb2 O-O 16. Rad1 b5 17. Qb3 Qb6 18. Ne2 Rfd8 19. Bd4 Qc7 20. Rc1 Qb8 21. Qb2 e5 22. Bc3 Nb6 23. Qa1 Bd6 24. Bb2 Na4 25. Nc3 Nxb2 26. Qxb2 Bc7 27. Bh3 Nd7 28. Nd5 Bxd5 29. exd5 Bb6 30. Ne4 Bd4 31. Qe2 Rxc1 32. Rxc1 Nb6 33. d6 g6 34. Rc6 f5 35. Qa2+ Nc4 36. Nd2 Rxd6 37. Nxc4 bxc4 38. Qxc4+ Kg7 39. Rc7+ Kh6 40. Qf7 Qh8 41. Qe7 Rf6 42. Bf1 g5 43. Rd7 Rg6 44. Bc4 Qg7 45. Bf7 Rf6 46. Rd6 e4 47. Rxd4 Rxf7 48. Rd6+ Kh5 49. Qe6 Qf8 50. h3 g4 51. h4 Re7 52. Qc4 Qg7 53. Kg2 Re5 54. Qd4 Re7 55. Qe3 h6 56. Qf4 Qf8 57. Rxh6+ 1-0

[Event "44th Chess Olympiad Open 2022"]
[Site "Chennai"]
[Date "2022.08.09"]
[Round "11.34"]
[White "Kiik, Kalle"]
[Black "Okeke Issac"]
[Result "1/2-1/2"]
[ECO "B31"]
[WhiteElo "2365"]
[BlackElo "2204"]
[Annotator "RC"]
[PlyCount "209"]
[EventDate "2022.07.29"]
[EventType "team-tourn"]
[EventCountry "IND"]
[SourceTitle "playchess.com"]
[Source "ChessBase"]
[SourceQuality "1"]
[WhiteTeam "Estonia"]
[BlackTeam "Nigeria"]
[WhiteTeamCountry "EST"]
[BlackTeamCountry "NGR"]
[TimeControl "40/5400+30:1800+30"]

1. e4 c5 2. Nf3 Nc6 3. Bb5 g6 4. O-O Bg7 5. Re1 Nf6 6. e5 Nd5 7. Nc3 Nc7 8. Bxc6 dxc6 9. Ne4 Ne6 10. d3 O-O 11. a4 a5 12. Be3 b6 13. Qd2 Re8 14. Bh6 Bh8 15. c3 Ba6 16. Rad1 Qd5 17. c4 Qd7 18. Neg5 Rad8 19. b3 Bc8 20. Re4 Qc7 21. Nxe6 Bxe6 22. Qg5 Bf5 23. Re3 Qd7 24. h3 Be6 25. Qh4 f6 26. Rde1 Bg7 27. Bxg7 Kxg7 28. Qg3 f5 29. Qf4 h6 30. h4 Kh7 31. g3 Qc7 32. Rd1 Rd7 33. Kf1 Red8 34. Ke2 b5 35. Rh1 bxc4 36. Ng5+ hxg5 37. hxg5+ Kg7 38. Qh4 Rg8 39. dxc4 Rdd8 40. Qh7+ Kf8 41. Rd1 Rd4 42. f4 Qd7 43. Red3 Rg7 44. Qh2 Kg8 45. Qf2 Qb7 46. Kf3 Rh7 47. Qe1 Rxd3+ 48. Rxd3 Qb4 49. Rc3 Rh1 50. Qd2 Rd1 51. Qxd1 Qxc3+ 52. Kg2 Qd4 53. Qf3 Qe4 54. Kf2 Kf7 55. Qe3 Qd4 56. Ke2 Ke8 57. Qd3 Qe4+ 58. Kd2 Qg2+ 59. Kc1 Qg1+ 60. Kc2 Qf2+ 61. Kc1 Kf7 62. Qc3 Qg2 63. Kb1 Qe4+ 64. Kc1 Qg2 65. Kb1 Qf1+ 66. Kc2 Qe2+ 67. Kc1 Qf2 68. Kb1 Qd4 69. Kc2 Qd8 70. Kc1 Qb6 71. Kc2 Qb4 72. Qd3 Ke8 73. Qc3 Kd7 74. Qd3+ Kc7 75. Kb2 Qb8 76. Qc3 Kb6 77. Qd3 Qc8 78. Kc2 Qh8 79. Kb2 Qh2+ 80. Kc1 Qg1+ 81. Kd2 Qf2+ 82. Kc1 Qe1+ 83. Kc2 Qe4 84. Kd2 Qd4 85. Kc2 Kc7 86. Qc3 Kb6 87. Kb2 Qd1 88. Ka2 Bd5 89. cxd5 cxd5 90. e6 Qe2+ 91. Kb1 d4 92. Qc4 Qxc4 93. bxc4 Kc6 94. Kc2 Kd6 95. Kd3 Kxe6 96. Kd2 Kd6 97. Kd3 Ke6 98. Kd2 Kf7 99. Kd3 e5 100. Kd2 Ke7 101. Kd3 Kd7 102. Kd2 Ke6 103. Kd3 e4+ 104. Kd2 Kd6 105. Ke2 1/2-1/2

[Event "44th Chess Olympiad Open 2022"]
[Site "Chennai"]
[Date "2022.08.09"]
[Round "11.34"]
[White "Kigigha, Bomo"]
[Black "Chukavin, Kirill"]
[Result "0-1"]
[ECO "A14"]
[WhiteElo "2251"]
[BlackElo "2418"]
[Annotator "RC"]
[PlyCount "72"]
[EventDate "2022.07.29"]
[EventType "team-tourn"]
[EventCountry "IND"]
[SourceTitle "playchess.com"]
[Source "ChessBase"]
[SourceQuality "1"]
[WhiteTeam "Nigeria"]
[BlackTeam "Estonia"]
[WhiteTeamCountry "NGR"]
[BlackTeamCountry "EST"]
[TimeControl "40/5400+30:1800+30"]

1. c4 e6 2. Nf3 Nf6 3. g3 d5 4. Bg2 Be7 5. O-O O-O 6. b3 c5 7. Bb2 Nc6 8. e3 d4 9. exd4 cxd4 10. Re1 Bc5 11. d3 Re8 12. Na3 e5 13. Nc2 a5 14. a3 Qd6 15. Ng5 Bf5 16. Qd2 h6 17. Ne4 Nxe4 18. dxe4 Be6 19. Qd3 Reb8 20. Red1 Qe7 21. Rdb1 Bd6 22. Bc1 f6 23. Bd2 a4 24. b4 Qf7 25. Bf1 f5 26. f3 Rf8 27. b5 fxe4 28. fxe4 Qf2+ 29. Kh1 Bg4 30. Ne1 Qxf1+ 31. Qxf1 Rxf1+ 32. Kg2 Raf8 33. Nd3 Rxb1 34. Rxb1 Bf3+ 35. Kg1 Bxe4 36. bxc6 bxc6 0-1

[Event "44th Chess Olympiad Open 2022"]
[Site "Chennai"]
[Date "2022.08.09"]
[Round "11.34"]
[White "Akinseye, Abiola"]
[Black "Shishkov, Andrei"]
[Result "1/2-1/2"]
[ECO "B12"]
[WhiteElo "2214"]
[BlackElo "2366"]
[Annotator "RC"]
[PlyCount "67"]
[EventDate "2022.07.29"]
[EventType "team-tourn"]
[EventCountry "IND"]
[SourceTitle "playchess.com"]
[Source "ChessBase"]
[SourceQuality "1"]
[WhiteTeam "Nigeria"]
[BlackTeam "Estonia"]
[WhiteTeamCountry "NGR"]
[BlackTeamCountry "EST"]
[TimeControl "40/5400+30:1800+30"]

1. e4 c6 2. d4 d5 3. e5 c5 4. c3 Nc6 5. Nf3 cxd4 6. cxd4 Bg4 7. Nc3 e6 8. Be2 Nge7 9. O-O Nf5 10. Be3 Bxf3 11. Bxf3 Be7 12. Bg4 Nxe3 13. fxe3 O-O 14. Rf3 Qb6 15. Na4 Qa5 16. a3 b5 17. Nc3 b4 18. Ne2 bxa3 19. bxa3 Rab8 20. Nf4 Rb6 21. Nxe6 Nxe5 22. dxe5 fxe6 23. Rxf8+ Bxf8 24. Qf3 Qa4 25. Rf1 Qe8 26. a4 a5 27. h4 Bc5 28. Kh1 Qf8 29. Qe2 Qe7 30. g3 Qb7 31. Qf3 Qe7 32. Qe2 Qb7 33. Qf3 Qe7 34. Qe2 1/2-1/2

[Event "44th Chess Olympiad Open 2022"]
[Site "Chennai"]
[Date "2022.08.09"]
[Round "11.35"]
[White "De La Riva Aguado, Oscar"]
[Black "Kwon, Sehyun"]
[Result "1-0"]
[ECO "C26"]
[WhiteElo "2424"]
[BlackElo "2225"]
[Annotator "RC"]
[PlyCount "145"]
[EventDate "2022.07.29"]
[EventType "team-tourn"]
[EventCountry "IND"]
[SourceTitle "playchess.com"]
[Source "ChessBase"]
[SourceQuality "1"]
[WhiteTeam "Andorra"]
[BlackTeam "Korea"]
[WhiteTeamCountry "AND"]
[BlackTeamCountry "KOR"]
[TimeControl "40/5400+30:1800+30"]

1. e4 e5 2. Nc3 Nf6 3. g3 c6 4. d4 Bb4 5. Bg2 d5 6. exd5 Nxd5 7. Bd2 Bxc3 8. bxc3 exd4 9. cxd4 O-O 10. Ne2 Re8 11. O-O Bg4 12. Re1 Nd7 13. h3 Bf5 14. c4 N5b6 15. Rc1 Be6 16. Ba5 Qg5 17. d5 cxd5 18. f4 Qh6 19. g4 dxc4 20. Qd4 Rad8 21. Rcd1 Qf6 22. f5 Ne5 23. Qe3 Bd7 24. Bc3 Qe7 25. Nf4 f6 26. Rd4 Bc6 27. Ne6 Rxd4 28. Bxd4 Nd3 29. Bxc6 bxc6 30. Rf1 Nd5 31. Qg3 c5 32. Ba1 g5 33. h4 N3f4 34. Re1 h6 35. Qh2 c3 36. Qc2 Qf7 37. Qb3 Nxe6 38. Qxd5 Ng7 39. Rxe8+ Nxe8 40. Qxc5 Qxa2 41. Bxc3 Qb1+ 42. Kf2 Qe4 43. hxg5 hxg5 44. Qc8 Kf7 45. Qd7+ Qe7 46. Qd5+ Kg7 47. Kf3 Qc7 48. Qd4 Qc6+ 49. Ke2 Nc7 50. Bb2 Nb5 51. Qe3 Kf7 52. Qb3+ Kg7 53. Qe3 Kf7 54. Qb3+ Ke7 55. Qe3+ Kd7 56. Qd3+ Ke8 57. Bxf6 Qg2+ 58. Ke1 Qg1+ 59. Kd2 Qf2+ 60. Qe2+ Qxe2+ 61. Kxe2 a5 62. Kd3 a4 63. Bxg5 Kf7 64. Kc4 a3 65. Bc1 Nd6+ 66. Kd5 Ne8 67. g5 Ng7 68. Ke5 a2 69. g6+ Kg8 70. Bb2 Nh5 71. f6 Kh8 72. Ke6 Ng7+ 73. Kf7 1-0

[Event "44th Chess Olympiad Open 2022"]
[Site "Chennai"]
[Date "2022.08.09"]
[Round "11.35"]
[White "Lee, Jun Hyeok"]
[Black "Fluvia Poyatos, Jordi"]
[Result "1/2-1/2"]
[ECO "B13"]
[WhiteElo "2390"]
[BlackElo "2451"]
[Annotator "RC"]
[PlyCount "120"]
[EventDate "2022.07.29"]
[EventType "team-tourn"]
[EventCountry "IND"]
[SourceTitle "playchess.com"]
[Source "ChessBase"]
[SourceQuality "1"]
[WhiteTeam "Korea"]
[BlackTeam "Andorra"]
[WhiteTeamCountry "KOR"]
[BlackTeamCountry "AND"]
[TimeControl "40/5400+30:1800+30"]

1. e4 c6 2. d4 d5 3. exd5 cxd5 4. Bd3 Nc6 5. c3 Nf6 6. Bf4 g6 7. Nd2 Bf5 8. Bxf5 gxf5 9. Nh3 e6 10. Qe2 Rg8 11. g3 Bd6 12. O-O-O Qc7 13. Nb3 O-O-O 14. Kb1 Kb8 15. Nc5 Ka8 16. Nd3 Bxf4 17. Nhxf4 Rc8 18. f3 Ne8 19. Qg2 Nd6 20. Qh3 Nc4 21. Rhe1 h6 22. Re2 Rh8 23. Qh4 Qd8 24. Qxd8 Rhxd8 25. h3 Nd6 26. g4 Rg8 27. Rg1 Kb8 28. Reg2 Ne7 29. g5 hxg5 30. Rxg5 Rxg5 31. Rxg5 Rg8 32. Rxg8+ Nxg8 33. Kc2 Kc7 34. h4 Nh6 35. Ne5 Ne8 36. b3 f6 37. Ned3 Kd6 38. c4 dxc4 39. bxc4 Nc7 40. Kc3 Nf7 41. c5+ Kd7 42. Kc4 b5+ 43. Kb4 e5 44. Nh5 exd4 45. Nxf6+ Kc6 46. Ka5 Ne6 47. Ng8 Nxc5 48. Ne7+ Kd6 49. Nxf5+ Kd5 50. Nxc5 Kxc5 51. Nxd4 Kxd4 52. Kxb5 Kd5 53. a4 Nh6 54. h5 Nf5 55. f4 Nh6 56. Ka6 Kc6 57. Kxa7 Kc7 58. Ka6 Kc6 59. Ka5 Kc5 60. Ka6 Kc6 1/2-1/2

[Event "44th Chess Olympiad Open 2022"]
[Site "Chennai"]
[Date "2022.08.09"]
[Round "11.35"]
[White "Ahn, Hongjin"]
[Black "Ribera Veganzones, Josep Maria"]
[Result "1-0"]
[ECO "B30"]
[WhiteElo "2303"]
[BlackElo "2228"]
[Annotator "RC"]
[PlyCount "31"]
[EventDate "2022.07.29"]
[EventType "team-tourn"]
[EventCountry "IND"]
[SourceTitle "playchess.com"]
[Source "ChessBase"]
[SourceQuality "1"]
[WhiteTeam "Korea"]
[BlackTeam "Andorra"]
[WhiteTeamCountry "KOR"]
[BlackTeamCountry "AND"]
[TimeControl "40/5400+30:1800+30"]

1. e4 c5 2. Nf3 Nc6 3. Bc4 e6 4. O-O Nf6 5. Re1 d6 6. Bb5 Bd7 7. c3 Qb6 8. a4 Be7 9. d4 cxd4 10. cxd4 d5 11. exd5 Nxd5 12. Nc3 O-O 13. Nxd5 exd5 14. Bxc6 Qxc6 15. Rxe7 Be6 16. Ng5 1-0